 Dungeon Crawl Stone Soup version 0.31-a0-145-g046c7d2549 (webtiles) character file.

Game seed: 796694153779506824

59 Midn8 the Slasher (level 3, 0/29 HPs)
             Began as a Draconian Reaver on June 6, 2023.
             Succumbed to an adder's poison
             ... on level 2 of the Dungeon.
             The game lasted 00:03:07 (1233 turns).

Midn8 the Slasher (Draconian Reaver)                Turns: 1233, Time: 00:03:07

Health: 0/29       AC:  5    Str: 14    XL:     3   Next: 78%
Magic:  2/6        EV: 12    Int: 13    God:
Gold:   74         SH:  0    Dex: 11    Spells: 3/6 levels left

rFire   . . .        a - +0 falchion
rCold   . . .        (no shield)
rNeg    . . .        (body armour unavailable)
rPois   .            (helmet restricted)
rElec   .            (no cloak)
rCorr   .            (no gloves)
SInv    .            (no boots)
Will    .....        (no amulet)
Stlth   +            (no ring)
HPRegen 0.24/turn    (no ring)
MPRegen 0.10/turn

%: no passive effects
@: lethally poisoned (0 -> -3), immotile
A: AC +5, unfitting armour, cold-blooded
a: no special abilities


You were on level 2 of the Dungeon.
You visited 1 branch of the dungeon, and saw 2 of its levels.

You collected 74 gold pieces.

Inventory:

Hand Weapons
 a - a +0 falchion (weapon)
Jewellery
 i - a ring of protection from fire
Scrolls
 d - 3 scrolls of vulnerability {unknown}
 e - 2 scrolls of immolation {unknown}
 f - a scroll of blinking {unknown}
 g - a scroll of identify {unknown}
Potions
 b - a potion of degeneration {unknown}
 c - 2 potions of curing {unknown}
 h - a potion of mutation {unknown}


   Skills:
 - Level 2.1 Fighting
 + Level 4.8 Long Blades
 - Level 1.7 Dodging
 - Level 2.0 Spellcasting
 - Level 3.0 Conjurations


You had 3 spell levels left.
You knew the following spells:

 Your Spells              Type           Power      Damage    Failure   Level
a - Kiss of Death         Conj/Necr      20%        2d7       14%         1
s - Momentum Strike       Conj/Tloc      10%        3d8       21%         2

Your spell library contained the following spells:

 Spells                   Type           Power      Damage    Failure   Level
 Hailstorm                Conj/Ice       5%         3d4       38%         3


Dungeon Overview and Level Annotations

Branches:
Dungeon (2/15)

Altars:


Innate Abilities, Weirdness & Mutations

Your plain brown scales are hard. (AC +5)
You cannot fit into any form of body armour.
You are cold-blooded and may be slowed by cold attacks.


Message History

Aim: an adder (48% to hit)
The concentrated momentum hits the adder.
The adder is heavily wounded.
You are unable to move.
You feel very sick. The bat hits you but does no damage. The adder misses you.
The bat hits you but does no damage.
The hobgoblin unwields a +0 longbow.
The hobgoblin barely misses you.
Casting: Momentum Strike (safe; 21% risk of failure)
Confirm with . or Enter, or press ? or * to list all spells.
You cannot redirect your momentum while unable to move.
Unknown command.
Casting: Momentum Strike (safe; 21% risk of failure)
Confirm with . or Enter, or press ? or * to list all spells.
You cannot redirect your momentum while unable to move.
Unknown command.
You closely miss the adder.
The adder is heavily wounded.
You feel sick. The bat hits you.
* * * LOW HITPOINT WARNING * * *
The adder bites you but does no damage. The bat closely misses you.
The hobgoblin hits you.
* * * LOW HITPOINT WARNING * * *
The adder barely misses you.
You barely miss the adder.
The adder is heavily wounded.
* * * LOW HITPOINT WARNING * * *
You feel sick. The bat hits you but does no damage.
The adder barely misses you. The hobgoblin hits you.
* * * LOW HITPOINT WARNING * * *
You hit the adder but do no damage.
The adder is heavily wounded.
* * * LOW HITPOINT WARNING * * *
You feel sick. The bat closely misses you.
The adder bites you but does no damage.
The hobgoblin hits you but does no damage.
The adder bites you but does no damage.
You closely miss the adder.
Your tail-slap misses the adder.
The adder is heavily wounded.
You die...

##....†....#
...........#
##.........#
...........#
...........# ##### ###
...........# ##...##...#
÷.........####.......)..
.........###...b.g......
#.....#### #....@S......
#.†...# ###............
#.....####...#..........
#..........####....#...#
#.....##...# ####.# ###
##.#.......# .#
#...#.....# .#
#.........# ##..#
#..###.....## .S..


You could see an adder, a hobgoblin and a bat.

Vanquished Creatures
  3 adders (D:2)
  3 dart slugs (D:1)
  2 bats (D:1)
  4 endoplasms
  2 giant cockroaches
  A hobgoblin (D:1)
  3 jackals (D:1)
  A kobold (D:1)
  3 quokkas (D:1)
  A rat (D:1)
23 creatures vanquished.

Notes
Turn   | Place    | Note
-------+----------+-------------------------------------------
     0 | D:1      | Midn8 the Draconian Reaver began the quest for the Orb.
     0 | D:1      | Reached XP level 1. HP: 17/17 MP: 3/3
   155 | D:1      | Reached XP level 2. HP: 15/22 MP: 5/5
   670 | D:1      | Learned a level 2 spell: Momentum Strike
   725 | D:1      | Reached skill level 4 in Long Blades
   838 | D:1      | Reached XP level 3. HP: 26/29 MP: 6/6
  1231 | D:2      | HP: 1/29 [hobgoblin (3)]
  1233 | D:2      | Succumbed to an adder's poison

Illustrated notes

Levels and vault maps discovered:
D:1:      mrwooster_arrival_statue_3, layout_loops_ring
D:2:      layout_rooms

Skill      XL: |  1  2 |
---------------+-------+-----
Long Blades    | 4 |  4.8
Fighting       | |  2.1
Dodging        | |  1.7
Spellcasting   | |  2.0
Conjurations   | |  3.0

Action                     || total
---------------------------++-------
  Melee: Falchion          ||    97
         Tailslap          ||     8
   Cast: Kiss of Death     ||     1
         Momentum Strike   ||     4
 Armour: Skin              ||    49
  Dodge: Dodged            ||    89

Table legend: (Time is in decaauts)
 A = Elapsed time spent in this place.
 B = Non-inter-level travel time spent in this place.
 C = Inter-level travel time spent in this place.
 D = Time resting spent in this place.
 E = Time spent auto-exploring this place.
 F = Levels seen in this place.
 G = Mean time per level.
                   A        B        C        D        E       F      G
               +--------+--------+--------+--------+--------+-----+--------+
         Total |   1249 |   1148 |    101 |    263 |    639 |   2 |  624.5 |
       Dungeon |   1249 |   1148 |    101 |    263 |    639 |   2 |  624.5 |
               +--------+--------+--------+--------+--------+-----+--------+

Top non-repeatable levels by time:
     D:1: 857 daAuts
     D:2: 392 daAuts
